 Dungeon Crawl Stone Soup version 0.25-a0-510-ge065f6de7d (webtiles) character file.

Game seed: 10886513157176450069, levelgen mode: deterministic

4 Kavrick the Skirmisher (level 1, 0/14 HPs)
             Began as a Gargoyle Berserker on Feb 15, 2020.
             Was a Follower of Trog.
             Slain by a hobgoblin
             ... wielding a +0 club
              (3 damage)
             ... on level 1 of the Dungeon.
             The game lasted 00:00:34 (101 turns).

Kavrick the Skirmisher (Gargoyle Berserker)          Turns: 101, Time: 00:00:35

Health: 0/14       AC:  4    Str: 20    XL:     1   Next: 60%
Magic:  1/1        EV: 12    Int:  7    God:    Trog [*.....]
Gold:   0          SH:  0    Dex:  9    Spells: 0/0 levels left

rFire    . . .     SeeInvis .   d - +0 whip
rCold    . . .     Gourm    .   (no shield)
rNeg     + . .     Faith    .   b - +0 animal skin
rPois    ∞         Spirit   .   (no helmet)
rElec    +         Reflect  .   (no cloak)
rCorr    .         Harm     .   (no gloves)
MR       .....                  (no boots)
Stlth    +.........             (no amulet)
HPRegen  0.04/turn              (no ring)
MPRegen  0.07/turn              (no ring)

@: no status effects
A: negative energy resistance 1, electricity resistance, unbreathing,
petrification resistance, rot immunity, AC +2
a: Berserk, Renounce Religion


You were on level 1 of the Dungeon.
You worshipped Trog.
Trog was aware of your devotion.
You were not hungry.

You visited 1 branch of the dungeon, and saw 1 of its levels.

Inventory:

Hand Weapons
 a - a +0 mace
 d - a +0 whip (weapon)
Armour
 b - a +0 animal skin (worn)
Comestibles
 c - a ration
 f - 2 chunks of flesh


   Skills:
 + Level 3.3 Fighting
 * Level 3.1 Maces & Flails
 + Level 2.2 Armour
 + Level 1.6 Dodging


You couldn't memorise any spells.
You didn't know any spells.
Your spell library was empty.

Dungeon Overview and Level Annotations

Branches:
Dungeon (1/15)

Altars:
Ashenzari


Innate Abilities, Weirdness & Mutations

You are resistant to torment.
Your stone body is resilient. (AC +2)
You are immune to poison.
You resist negative energy. (rN+)
You are resistant to electric shocks. (rElec)
You can survive without breathing.
You are immune to petrification.
You are immune to rotting.


Message History

You barely miss the rat.
The rat is heavily wounded.
The hobgoblin hits you with a +0 club.
* * * LOW HITPOINT WARNING * * *
The rat closely misses you.
You hit the rat but do no damage.
The rat is heavily wounded.
The hobgoblin closely misses you. The rat misses you.
You completely miss the rat.
The rat is heavily wounded.
The hobgoblin hits you but does no damage.
The rat closely misses you. The hobgoblin closely misses you.
You hit the rat but do no damage.
The rat is heavily wounded.
The rat closely misses you.
The hobgoblin hits you but does no damage. x2
You barely miss the rat.
The rat is heavily wounded.
The rat barely misses you. The hobgoblin hits you with a +0 club.
You die...

#####...#...#..#.#....
...#...................
#......................
#......................
###.....................
#.....................(.
#.###........÷......>...
###.###.##g÷.......!......
.........@r............#
##........g##......?†..#
#8.........8#.......#..#
#...........#......## ....
#8.........8#.$.....# .##
##.........##.......# ..
####8<8#####....)..# .
##### #.....>.. ........#.


You could see 2 hobgoblins and a rat.

Vanquished Creatures
  A ball python (D:1)
  3 bats (D:1)
  A kobold (D:1)
5 creatures vanquished.

Notes
Turn   | Place    | Note
-------+----------+-------------------------------------------
     0 | D:1      | Kavrick the Gargoyle Berserker began the quest for the Orb.
     0 | D:1      | Reached XP level 1. HP: 14/14 MP: 1/1
    42 | D:1      | Found a shattered altar of Ashenzari.
   101 | D:1      | Slain by a hobgoblin

Levels and vault maps discovered:
D:1:      mrwooster_arrival_statue_2, layout_rooms, ashenzari_altar_1

Action                   || total
-------------------------++-------
Melee: Mace              ||    28
       Whip              ||    13
Armor: Animal skin       ||    38
Dodge: Dodged            ||    48

Table legend:
 A = Non-vault XP
 B = Vault XP
 C = Vault XP percentage of total XP
 D = Non-vault monster count
 E = Vault monster count
 F = Vault count percentage of total count
                 A         B        C        D         E       F
            +---------+---------+-------+---------+---------+-------
      Total |       6 |       0 |   0.0 |       5 |       0 |   0.0
            +---------+---------+-------+---------+---------+-------
        D:1 |       6 |       0 |   0.0 |       5 |       0 |   0.0
            +---------+---------+-------+---------+---------+-------
